 Dungeon Crawl Stone Soup version 0.25.0-45-g978344163c (webtiles) character file.

Game seed: 7410208530614303577

312 Revguard the Sneak (level 6, -1/34 HPs)
             Began as a Vine Stalker Assassin on July 11, 2020.
             Killed by divine providence
             ... invoked by an orc priest
              (10 damage)
             ... on level 2 of the Dungeon.
             The game lasted 00:10:20 (3197 turns).

Revguard the Sneak (Vine Stalker Assassin)          Turns: 3197, Time: 00:10:20

Health: -1/34      AC:  6    Str: 14    XL:     6   Next: 42%
Magic:  0/6        EV: 12    Int: 11    God:
Gold:   151        SH:  0    Dex: 17    Spells: 5/5 levels left

rFire    . . .     SeeInvis .   a - +2 dagger
rCold    . . .     Gourm    .   (no shield)
rNeg     . . .     Faith    .   k - +1 leather armour
rPois    .         Spirit   +   (no helmet)
rElec    .         Reflect  .   c - +0 cloak
rCorr    .         Harm     .   l - +0 pair of gloves
MR       .....     Rnd*Rage +   (no boots)
Stlth    +++.......             (no amulet)
HPRegen  0.51/turn              (no ring)
MPRegen  0.10/turn              (no ring)

@: no status effects
A: fangs 2, hooves 1, berserk 1, low mp 1, regeneration 1, robust 1, magic
shield, antimagic bite, no potion heal 3, rot immunity
a: no special abilities


You were on level 2 of the Dungeon.
You were not hungry.

You visited 1 branch of the dungeon, and saw 3 of its levels.

You collected 151 gold pieces.

Inventory:

Hand Weapons
 a - a +2 dagger (weapon)
Missiles
 d - 27 poisoned darts (quivered)
Armour
 b - a +0 robe
 c - a +0 cloak (worn)
 k - a +1 leather armour (worn)
 l - a +0 pair of gloves (worn)
Wands
 m - a wand of polymorph (11)
Scrolls
 e - a scroll of teleportation
Potions
 g - 2 potions of cancellation
 n - a potion of lignification
Comestibles
 f - 9 rations
 t - 7 chunks of flesh


   Skills:
 + Level 2.3 Fighting
 + Level 2.7 Short Blades
 + Level 3.1 Throwing
 + Level 2.1 Armour
 + Level 1.3 Dodging
 * Level 6.5 Stealth


You had 5 spell levels left.
You didn't know any spells.
Your spell library was empty.

Dungeon Overview and Level Annotations

Branches:
Dungeon (3/15)

Altars:
Cheibriados
Fedhas
Okawaru
Ru
Yredelemnul


Innate Abilities, Weirdness & Mutations

You have extremely sharp teeth.
Your natural rate of healing is unusually fast.
When hurt, damage is shared between your health and your magic reserves.
Your bite disrupts and absorbs the magic of your enemies.
Potions cannot restore your health.
You are immune to rotting.
You have large cloven feet.
You tend to lose your temper in combat.
Your magical capacity is low. (-10% MP)
You are robust. (+10% HP)


Message History

You throw an atropa-tipped dart. The atropa-tipped dart hits the orc.
The orc appears confused.
The orc seems less confused.
Throwing (i - inventory. (/) - cycle)
u - an atropa-tipped dart (quivered)
Press: ? - help, Shift-Dir - straight line, f - orc priest, p - orc
Aim: an orc priest, wielding a +0 flail (chance to blind on hit: 90%)
You throw an atropa-tipped dart. The atropa-tipped dart hits the orc!
The orc appears confused.
The orc closely misses the orc priest.
The orc misses you.
Throwing (i - inventory)
d - 28 poisoned darts (quivered)
Press: ? - help, Shift-Dir - straight line, f/p - orc priest
Aim: an orc priest, wielding a +0 flail You throw a poisoned dart.
The poisoned dart hits the orc.
The orc is poisoned.
The orc priest casts a cantrip, but nothing happens.
The orc barely misses you.
You hit the orc.
You kill the orc!
The orc priest calls down the wrath of Beogh upon you.
Beogh smites you!
You die...

##.#...######.#####..##....####
#<#.................##......##
#.#<..######.....#.......##.##
#.##.## #....[.#............
#....# #...>).#.##.#..รท....
###### #......#.#..#.....##
#.#..).#.#.##.#####
#o###..#.#.##.# #.)@...#.#.##.#
######.#.#....# #.#.######
#...# #.### ###


You could see an orc priest.

Vanquished Creatures
  Sigmund (D:2)
  An orc priest (D:2)
  2 adders (D:2)
  4 gnolls (D:2)
  An ooze (D:2)
  A dart slug (D:1)
  A leopard gecko (D:1)
  3 orcs (D:2)
  3 giant cockroaches
  7 hobgoblins
  5 jackals (D:1)
  7 kobolds
  A quokka (D:2)
  7 bats
  3 frilled lizards (D:2)
  7 goblins
  6 rats
  A fungus (D:2)
  A plant (D:2)
62 creatures vanquished.

Notes
Turn   | Place    | Note
-------+----------+-------------------------------------------
     0 | D:1      | Revguard the Vine Stalker Assassin began the quest for the
                  | Orb.
     0 | D:1      | Reached XP level 1. HP: 11/11 MP: 2/2
    19 | D:1      | Reached skill level 5 in Stealth
   279 | D:1      | Reached XP level 2. HP: 15/15 MP: 3/3
  1080 | D:1      | Reached XP level 3. HP: 15/18 MP: 4/4
  1621 | D:2      | Reached skill level 1 in Dodging
  1626 | D:2      | Found a sacrificial altar of Ru.
  1626 | D:2      | Found a basalt altar of Yredelemnul.
  1653 | D:2      | Found an iron altar of Okawaru.
  1653 | D:2      | Found a snail-covered altar of Cheibriados.
  2160 | D:2      | Gained mutation: Your natural rate of healing is unusually
                  | fast. [Vine Stalker growth]
  2160 | D:2      | Reached XP level 4. HP: 12/23 MP: 2/5
  2188 | D:2      | Reached skill level 1 in Armour
  2254 | D:2      | Found a blossoming altar of Fedhas.
  2565 | D:2      | Reached skill level 6 in Stealth
  2597 | D:2      | Noticed Sigmund
  2606 | D:2      | Killed Sigmund
  2606 | D:2      | Reached XP level 5. HP: 25/27 MP: 6/6
  2606 | D:2      | Reached XP level 6. HP: 28/31 MP: 7/7
  3090 | D:2      | Gained mutation: You are robust. (+10% HP) [potion of
                  | mutation]
  3090 | D:2      | Gained mutation: Your magical capacity is low. (-10% MP)
                  | [potion of mutation]
  3090 | D:2      | Gained mutation: You tend to lose your temper in combat.
                  | [potion of mutation]
  3090 | D:2      | Gained mutation: You have large cloven feet. [potion of
                  | mutation]
  3197 | D:2      | Killed from afar by an orc priest

Illustrated notes

Levels and vault maps discovered:
D:1:      dpeg_arrival_central, layout_basic
D:2:      layout_basic, fedhas_altar_3, grunt_temple_overflow_open,
          serial_curves, eino_curves_03, eino_curves_01, uniq_sigmund
D:3:      layout_rooms, chequers_ecumenical_altar_twisty, corexii_shack,
          minmay_misc_feat_five, uniq_natasha, uniq_terence

Skill      XL: |  1  2  3  4 |
---------------+-------------+-----
Stealth        | 5 6 |  6.5
Fighting       | 2 |  2.3
Short Blades   | 2 |  2.7
Dodging        | 1 |  1.3
Throwing       | 2 3 |  3.1
Armour         | 2 |  2.1

Action                   |  1- 3 |  4- 6 || total
-------------------------+-------+-------++-------
Melee: Dagger            |   104 |   137 ||   241
       Bite              |    18 |    70 ||    88
       Kick              |       |     4 ||     4
Throw: Dart              |    22 |    32 ||    54
  Use: Scroll            |       |     8 ||     8
       Potion            |       |     3 ||     3
 Stab: Sleeping          |     6 |     4 ||    10
       Distracted        |     1 |       ||     1
       Invisible         |       |     1 ||     1
  Eat: Chunk             |     4 |     3 ||     7
Armor: Robe              |     5 |       ||     5
       Leather armour    |    16 |    12 ||    28
Dodge: Dodged            |    54 |    45 ||    99
